 Dungeon Sprint DCSS version 0.31-a0-7-g51783674b7 (webtiles) character file.

Game seed: 8065515944549714441

8901 sircluck the Brawler (level 11, -3/175 HPs)
             Began as a Troll Berserker on May 5, 2023.
             Was the Champion of Trog.
             Slain by a demonic crawler (4 damage)
             ... in the Dungeon (Sprint I: "Red Sonja").
             The game lasted 00:03:30 (1010 turns).

sircluck the Brawler (Troll Berserker)              Turns: 1010, Time: 00:03:30

Health: -3/175     AC:  4    Str: 31      XL:     11   Next: 16%
Magic:  6/6        EV: 12    Int:  2 (3)  God:    Trog [******]
Gold:   1708       SH:  0    Dex:  7      Spells: 10/10 levels left

rFire   . .          .
                       - Unarmed
rCold   . . .        (no shield)
rNeg    . . .        a - +0 animal skin
rPois   .            (helmet restricted)
rElec   .            (no cloak)
rCorr   .            (gloves unavailable)
SInv    .            (boots unavailable)
Will    .....        (no amulet) Stlth
                     (no ring)
HPRegen 1.29/turn    (no ring)
MPRegen 0.10/turn

%: no teleportation, random rage (9%)
@: berserking, very quick
A: large, unfitting armour, claws 3, regeneration 1, shaggy fur 1, tough skin 1,
berserk 2, clumsy 1, deterioration 1, low MP 3, inability to drink after injury
1, inability to read after injury 1, devolution 1
a: Renounce Religion, Berserk, Trog's Hand, Brothers in Arms


You were in the Dungeon.
You worshipped Trog.
Trog was exalted by your worship.
You visited 1 branch You collected 1708 gold pieces.

Inventory:

Armour
 a - a +0 animal skin (worn)
Jewellery
 k - a ring of protection from cold
Wands
 h - a wand of paralysis (7)
Scrolls
 j - a scroll of amnesia {unknown}
 l - a scroll of poison {unknown}
 m - a scroll of immolation {unknown}
Potions
 b - 3 potions of curing
 d - a potion of haste
 e - 2 potions of magic
 f - a potion of berserk rage
 i - a potion of attraction
 n - a potion of invisibility {unknown}


   Skills:
 + Level 9.9 Fighting
 + Level 11.1 Dodging
 + Level 6.4 Stealth
 + Level 19.3 Unarmed Combat
 + Level 0.3 Evocations


You had 10 spell levels left.
You didn't know any spells.
Your spell library was empty.

Dungeon Overview and Level Annotations

Branches:
Dungeon (1/1)

Altars:
Cheibriados
Dithmenos
Elyvilon
Fedhas
Gozag
Hepliaklqana
Kikubaaqudgha
Makhleb
Nemelex Xobeh
Okawaru
Qazlal
Ru
Sif Muna
Trog
Uskayaw
Vehumet
Wu Jian
Xom
Yredelemnul
Zin
The Shining One
Jiyva
Lugonu

Shops:
D ?[**(?*!:!:(:[[[:


Innate Abilities, Weirdness & Mutations

You are too large for most types of armour.
You have claws for hands.
Your natural rate of healing is unusually fast.
You are covered in fur. (AC +1)
You have tough skin. (AC +1)
You have an uncontrollable temper.
You are clumsy. (Dex -2)
Your body sometimes deteriorates upon taking damage.
Your magical capacity is extremely low. (-30% MP)
You occasionally lose the ability to drink potions when taking damage.
You occasionally lose the ability to read scrolls when taking damage.
You have hidden genetic defects.


Message History

The demonic crawler barely misses you.
Blink to where?
Press: ? - help, Q - select action, (/) - cycle Dir - move target
As you read the scroll of blinking, it crumbles to dust.
Aiming: Paralyse
Press: ? - help, Q - select action, (/) - cycle Shift-Dir - straight line, f - demonic crawler
Aim: a demonic crawler (chance to affect: 18%)
The demonic crawler resists with almost no effort.
You feel much better.
A red film seems to cover your vision as you go berserk!
You feel yourself moving faster!
You feel mighty! The demonic crawler barely misses you.
The demonic crawler hits you!
The demonic crawler hits you but does no damage.
You eviscerate the demonic crawler!!!
The demonic crawler is severely wounded.
You barely miss the demonic crawler.
The demonic crawler is severely wounded.
The demonic crawler closely misses you. The demonic crawler hits you!
* * * LOW HITPOINT WARNING * * *
The demonic crawler barely misses you.
You closely miss the demonic crawler. Your claw misses the demonic crawler.
The demonic crawler is severely wounded.
The demonic crawler closely misses you.
The demonic crawler completely misses you.
The demonic crawler barely misses you. x3; The demonic crawler hits you!!
* * * LOW HITPOINT WARNING * * *
You claw the demonic crawler! Your claw misses the demonic crawler.
The demonic crawler is severely wounded.
You mangle the demonic crawler!! Your claw misses the demonic crawler.
The demonic crawler is almost dead.
The demonic crawler hits you!
* * * LOW HITPOINT WARNING * * *
The demonic crawler barely misses you. The demonic crawler hits you.
* * * LOW HITPOINT WARNING * * *
The demonic crawler barely misses you. The demonic crawler hits you!
* * * LOW HITPOINT WARNING * * *
The demonic crawler hits you.
* * * LOW HITPOINT WARNING * * *
The demonic crawler hits you.
You die...

#######################
#..').#.)'..#__#@ss...#
').#..'..#..'..'ss#...##+#
#####'#####'#__####...'..#
####..#...#.####:)#####..+
#__####..##§#§§§.§#..# ##
#_____##'#_.§§§~§.'.§#
#_.∩...'...§#§§§§.#..#
#_..__##_.#'##§#####'###
#_____###'#)#.)..###.'.#


You could see 4 demonic crawlers.

Vanquished Creatures
  2 centaur warriors (D)
  A deep troll (D)
  An oklob plant (D)
  8 shining eyes (D)
  2 unseen horrors (D)
  2 kobold demonologists (D)
  A hornet (D)
  Sigmund (D)
  A slime creature (D)
  A yak (D)
  2 redbacks (D)
  5 floating eyes (D)
  An ogre (D)
  7 necrophages (D)
  8 jellies (D)
  Ijyb (D)
44 creatures vanquished.

Vanquished Creatures (collateral kills)
  Sonja (D)
  A floating eye (D)
2 creatures vanquished.

Vanquished Creatures (others)
  2 ballistomycete spores (D)
2 creatures vanquished.

Grand Total: 48 creatures vanquished

Notes
Turn   | Place    | Note
-------+----------+-------------------------------------------
     0 | D        | sircluck the Troll Berserker began the quest for the Orb.
     0 | D        | Reached XP level 1. HP: 22/22 MP: 0/0
     1 | D        | Noticed Ijyb
     9 | D        | Paralysed by Ijyb for 5 turns
    28 | D        | Killed Ijyb
    29 | D        | Reached skill level 4 in Unarmed Combat
    29 | D        | Reached XP level 2. HP: 26/31 MP: 1/1
    33 | D        | Noticed an ogre
    39 | D        | Killed an ogre
    40 | D        | Reached skill level 1 in Stealth
    40 | D        | Reached skill level 6 in Unarmed Combat
    40 | D        | Reached XP level 3. HP: 41/41 MP: 2/2
    40 | D        | Reached XP level 4. HP: 49/49 MP: 3/3
    50 | D        | Noticed Sigmund
    57 | D        | Killed Sigmund
    57 | D        | Reached ** piety under Trog
    58 | D        | Reached skill level 5 in Fighting
    58 | D        | Reached skill level 7 in Unarmed Combat
    58 | D        | Reached XP level 5. HP: 53/59 MP: 4/4
    58 | D        | Reached XP level 6. HP: 60/67 MP: 5/5
    76 | D        | Found an ornate altar of the Wu Jian Council.
    76 | D        | Found a shimmering blue altar of Sif Muna.
    78 | D        | Found a radiant altar of Vehumet.
    85 | D        | Reached skill level 8 in Unarmed Combat
   115 | D        | Found a burning altar of Makhleb.
   115 | D        | Found a viscous altar of Jiyva.
   115 | D        | Found a shimmering altar of Xom.
   115 | D        | Found a corrupted altar of Lugonu.
   115 | D        | Noticed a slime creature
   120 | D        | Killed a slime creature
   121 | D        | Reached skill level 9 in Unarmed Combat
   144 | D        | Noticed a kobold demonologist
   144 | D        | Noticed a floating eye
   144 | D        | Noticed a kobold demonologist
   150 | D        | Killed a floating eye
   150 | D        | Reached *** piety under Trog
   151 | D        | Reached XP level 7. HP: 76/76 MP: 6/6
   153 | D        | Noticed a sun demon
   156 | D        | Killed a kobold demonologist
   157 | D        | Reached skill level 10 in Unarmed Combat
   161 | D        | Noticed an orange demon
   165 | D        | Killed a kobold demonologist
   165 | D        | Reached **** piety under Trog
   166 | D        | Reached skill level 11 in Unarmed Combat
   166 | D        | Reached XP level 8. HP: 72/88 MP: 7/7
   184 | D        | Noticed a demonic crawler
   184 | D        | Noticed a demonic crawler
   184 | D        | Noticed a demonic crawler
   184 | D        | Noticed a demonic crawler
   235 | D        | Found Irphoz's Antique Armour Emporium.
   235 | D        | Found an ancient bone altar of Kikubaaqudgha.
   235 | D        | Found a hazy altar of Hepliaklqana.
   235 | D        | Found a stormy altar of Qazlal.
   235 | D        | Found a hide-covered altar of Uskayaw.
   235 | D        | Found a blossoming altar of Fedhas.
   235 | D        | Found a bloodstained altar of Trog.
   235 | D        | Found an iron altar of Okawaru.
   235 | D        | Found a basalt altar of Yredelemnul.
   235 | D        | Found a glowing golden altar of the Shining One.
   235 | D        | Found a snail-covered altar of Cheibriados.
   235 | D        | Found a sacrificial altar of Ru.
   235 | D        | Found a glowing silver altar of Zin.
   235 | D        | Found a shadowy altar of Dithmenos.
   235 | D        | Found a white marble altar of Elyvilon.
   236 | D        | Found an opulent altar of Gozag.
   244 | D        | Found a sparkling altar of Nemelex Xobeh.
   266 | D        | Noticed Sonja
   269 | D        | Killed Sonja
   270 | D        | Reached skill level 12 in Unarmed Combat
   292 | D        | Found Leafipt's Magic Scroll Boutique.
   301 | D        | Noticed a shining eye
   301 | D        | Noticed a shining eye
   301 | D        | Noticed a shining eye
   301 | D        | Gained mutation: Your body sometimes deteriorates upon
                  | taking damage. [a shining eye]
   304 | D        | Reached skill level 13 in Unarmed Combat
   305 | D        | Noticed a shining eye
   306 | D        | Paralysed by a floating eye for 3 turns
   307 | D        | Noticed a shining eye
   310 | D        | Reached XP level 9. HP: 97/97 MP: 8/8
   311 | D        | Gained mutation: Your magical capacity is low. (-10% MP) [a
                  | shining eye]
   312 | D        | Killed a shining eye
   313 | D        | Gained mutation: You have hidden genetic defects. [a
                  | shining eye]
   317 | D        | Killed a shining eye
   318 | D        | Reached skill level 14 in Unarmed Combat
   319 | D        | Killed a shining eye
   319 | D        | Reached ***** piety under Trog
   319 | D        | Gained mutation: Your muscles are strong. (Str +4, Int/Dex
                  | -1) [a shining eye]
   320 | D        | Noticed a shining eye
   320 | D        | Gained mutation: You occasionally lose the ability to drink
                  | potions when taking damage. [a shining eye]
   322 | D        | Gained mutation: You have terrible hidden genetic defects.
                  | [a shining eye]
   323 | D        | Killed a shining eye
   324 | D        | Reached skill level 10 in Dodging
   324 | D        | Reached skill level 5 in Stealth
   324 | D        | Reached skill level 15 in Unarmed Combat
   324 | D        | Noticed a shining eye
   324 | D        | Noticed a shining eye
   324 | D        | Paralysed by a floating eye for 2 turns
   324 | D        | Gained mutation: Your magical capacity is very low. (-20%
                  | MP) [a shining eye]
   325 | D        | Gained mutation: You are clumsy. (Dex -2) [a shining eye]
   327 | D        | Killed a shining eye
   328 | D        | Received a gift from Trog
   329 | D        | Reached XP level 10. HP: 107/107 MP: 7/7
   330 | D        | Gained mutation: You sometimes lose your temper in combat.
                  | [a shining eye]
   332 | D        | Gained mutation: Armour fits poorly on your strangely
                  | shaped body. [a shining eye]
   333 | D        | Gained mutation: Your magical capacity is extremely low.
                  | (-30% MP) [a shining eye]
   337 | D        | Killed a shining eye
   337 | D        | Lost mutation: Armour fits poorly on your strangely shaped
                  | body. [a shining eye]
   338 | D        | Reached skill level 16 in Unarmed Combat
   339 | D        | Gained mutation: You occasionally lose the ability to read
                  | scrolls when taking damage. [hidden defects]
   341 | D        | Killed a shining eye
   343 | D        | Killed a shining eye
   613 | D        | Noticed a centaur warrior
   613 | D        | Noticed a centaur warrior
   621 | D        | Killed a centaur warrior
   622 | D        | Reached skill level 17 in Unarmed Combat
   624 | D        | Killed a centaur warrior
   682 | D        | Noticed a deep troll
   685 | D        | Killed a deep troll
   685 | D        | Received a gift from Trog
   686 | D        | Reached skill level 18 in Unarmed Combat
   686 | D        | Gained mutation: You have an uncontrollable temper. [hidden
                  | defects]
   686 | D        | Lost mutation: You have terrible hidden genetic defects.
                  | [hidden defects expressed]
   746 | D        | Found Uqiph's Armour Emporium.
   784 | D        | Noticed an oklob plant
   786 | D        | Killed an oklob plant
   839 | D        | Reached ****** piety under Trog
   840 | D        | Reached XP level 11. HP: 117/117 MP: 6/6
   845 | D        | Received a gift from Trog
   846 | D        | Lost mutation: Your muscles are strong. (Str +4, Int/Dex
                  | -1) [hidden defects]
   859 | D        | Reached skill level 19 in Unarmed Combat
   869 | D        | Received a gift from Trog
   929 | D        | Found Sollun's Assorted Antiques.
   929 | D        | Found Anauh's Assorted Antiques.
   929 | D        | Found Atuczah's Weapon Boutique.
   931 | D        | Found Ziqet's Magic Scroll Emporium.
   931 | D        | Found Zoipnab's Assorted Antiques.
   931 | D        | Found Yfiri's Distillery.
   931 | D        | Found Queth's Book Boutique.
   931 | D        | Found Fodaihoss's Distillery.
   931 | D        | Found Seaclu's Book Shop.
   931 | D        | Found Inoniommedgh's Antique Weapon Shoppe.
   933 | D        | Found Ypycw's Book Boutique.
   934 | D        | Found Nula Ygy's Armour Emporium.
   934 | D        | Found Pucoarex's Armour Boutique.
   935 | D        | Found Viduas's Book Emporium.
  1010 | D        | HP: 3/175 [demonic crawler (15)]
  1010 | D        | HP: 1/175 [demonic crawler (2)]
  1010 | D        | Slain by a demonic crawler

Illustrated notes

Levels and vault maps discovered:
D:        dungeon_sprint_1 [red_sonja_temple_1, red_sonja_temple_small_1]

Skill      XL: |  1  2  3  4  5  6  7  8  9 10 11 |
---------------+----------------------------------+-----
Fighting       | 3 4 5 6 7 8 9 |  9.9
Dodging        | 3 4 6 7 8 9 10 11 | 11.1
Unarmed Combat | 4 6 7 9 11 13 15 18 19 | 19.3
Stealth        | 1 2 3 4 5 6 |  6.4
Evocations     | |  0.3

Action                     |  1- 3 |  4- 6 |  7- 9 | 10-12 || total
---------------------------+-------+-------+-------+-------++-------
  Melee: Unarmed           |    25 |    17 |    38 |    67 ||   147
         Punch             |     1 |       |     3 |     3 ||     7
 Invoke: Brothers in Arms  |       |       |     1 |       ||     1
  Evoke: Wand              |     1 |       |       |     1 ||     2
    Use: Potion            |       |       |       |     4 ||     4
         Scroll            |       |       |       |     1 ||     1
   Stab: Paralysed         |     4 |       |       |       ||     4
         Sleeping          |       |       |       |     3 ||     3
 Armour: Animal skin       |     4 |       |     6 |    15 ||    25
  Dodge: Dodged            |     3 |     6 |     6 |    34 ||    49

Table legend: (Time is in decaauts)
 A = Elapsed time spent in this place.
 B = Non-inter-level travel time spent in this place.
 C = Inter-level travel time spent in this place.
 D = Time resting spent in this place.
 E = Time spent auto-exploring this place.
 F = Levels seen in this place.
 G = Mean time per level.
                   A        B        C        D        E       F      G
               +--------+--------+--------+--------+--------+-----+--------+
         Total |    994 |    978 |     16 |    296 |    263 |   1 |  994.0 |
       Dungeon |    994 |    978 |     16 |    296 |    263 |   1 |  994.0 |
               +--------+--------+--------+--------+--------+-----+--------+

Top non-repeatable levels by time:
       D: 994 daAuts
